 Dungeon Crawl Stone Soup version 0.28-a0-563-gf77a47075d (webtiles) character file.

Game seed: 10456268718846290329

510 robertstho the Magician (level 7, -6/49 HPs)
             Began as a Djinni Fire Elementalist on Sept 29, 2021.
             Killed by divine providence
             ... invoked by an orc priest
              (15 damage)
             ... on level 5 of the Dungeon.
             The game lasted 00:05:22 (5638 turns).

robertstho the Magician (Djinni Fire Elementalist)  Turns: 5638, Time: 00:05:24

Health: -6/49      AC:  3    Str:  7    XL:     7   Next: 42%
Gold:   98         EV: 12    Int: 18    God:
                   SH:  5    Dex: 14

rFire   + + .      SeeInvis .   c - +0 dagger (speed)
rCold   x . .      Faith    .   (no shield)
rNeg    . . .      Spirit   .   a - +0 robe
rPois   ∞          Reflect  +   (no helmet)
rElec   .          Harm     .   (no cloak)
rCorr   .          Rampage  .   b - +0 pair of gloves
Will    .....                   (boots unavailable)
Stlth   ++........              e - amulet of reflection
HPRegen 0.16/turn               (no ring)
MPRegen 0.00/turn               (no ring)

@: flying
A: sickness immunity, fire resistance 2, cold vulnerability 1, float, innate
caster, hp casting, extra vitality 1
a: no special abilities


You were on level 5 of the Dungeon.
You visited 1 branch of the dungeon, and saw 7 of its levels.

You collected 98 gold pieces.

Inventory:

Hand Weapons
 c - a +0 dagger of speed (weapon)
Armour
 a - a +0 robe (worn)
 b - a +0 pair of gloves (worn)
Jewellery
 e - an amulet of reflection (around neck)
Wands
 j - a wand of charming (5)
Scrolls
 d - 2 scrolls of identify
Potions
 f - 2 potions of curing
 g - a potion of resistance {unknown}
 h - 2 potions of might {unknown}
 i - a potion of invisibility {unknown}
 k - a potion of lignification {unknown}
 l - 2 potions of mutation {unknown}
 m - a potion of flight {unknown}


   Skills:
 * Level 2.1 Fighting
 * Level 1.2 Armour
 + Level 2.6 Dodging
 + Level 2.5 Stealth
 * Level 5.3 Spellcasting


You couldn't memorise any spells.
You knew the following spells:

 Your Spells              Type           Power      Damage    Failure   Level
a - Foxfire               Conj/Fire      92%        2x1d8     1%          1
b - Scorch                Fire           46%        2d7       2%          2
c - Conjure Flame         Conj/Fire      23%        6-21      4%          3
d - Inner Flame           Hex/Fire       23%        N/A       4%          3
e - Flame Wave            Conj/Fire      23%        3d6       14%         4
f - Sting                 Tmut/Pois      92%        1d7       1%          1
g - Slow                  Hex            23%        N/A       2%          2
h - Ozocubu's Armour      Ice            23%        N/A       4%          3
Your spell library was empty.

Dungeon Overview and Level Annotations

Branches:
Dungeon (7/15)
 Temple: D:4-7

Altars:
Hepliaklqana
Makhleb
Vehumet

Shops:
D:5 [


Innate Abilities, Weirdness & Mutations

You are immune to sickness and miasma.
You are immune to poison.
Your flesh is very heat resistant. (rF++)
You are vulnerable to cold. (rC-)
You float through the air rather than walking.
You learn spells naturally, not from books.
Your magical power is your life essence.
You have superior vitality. (+4 HP)


Message History

(Press . to intensify the flame waves.)
The adder bites you.
The orc priest invokes the aid of Beogh against you.
Beogh smites you! The adder bites you.
A wave of flame ripples out!
The flame wave engulfs the adder!
You kill the adder!
The flame wave engulfs the orc wizard!
The orc wizard is severely wounded.
The orc wizard points at you and mumbles some strange words.
The puff of flame hits you. You resist.
The orc priest invokes the aid of Beogh against you.
Beogh smites you!
* * * LOW HITPOINT WARNING * * *
A wave of flame ripples out!
The flame wave engulfs the orc wizard!
You kill the orc wizard!
* * * LOW HITPOINT WARNING * * *
You finish channelling waves of flame.
A necrophage comes into view.
Unknown command.
It was a potion of curing.
You feel better.
Casting: Flame Wave (quite dangerous; 14% risk of failure)
Confirm with . or Enter, or press ? or * to list all spells.
Flames lash the orc priest.
The orc priest is heavily wounded.
The orc priest's fire resistance burns away.
* * * LOW HITPOINT WARNING * * *
Casting: Scorch (safe; 2% risk of failure)
Confirm with . or Enter, or press ? or * to list all spells.
Flames lash the orc priest.
The orc priest is burned terribly!
The orc priest is severely wounded.
* * * LOW HITPOINT WARNING * * *
The orc priest looks encouraged for a moment.
Casting: Scorch (safe; 2% risk of failure)
Confirm with . or Enter, or press ? or * to list all spells.
Flames lash the orc priest.
The orc priest is burned terribly!
The orc priest is almost dead.
* * * LOW HITPOINT WARNING * * *
The orc priest calls down the wrath of Beogh upon you.
Beogh smites you!
You die...

#.∩........#........<.
#........#.......#####
#..........###.###
#.#.....#.## #..
#.##...##.# ##.
#.###.## .# #.# #.# .#
#.# #.# .# #.# #@# #.#
#†)o# #.# ......#
#............
##...n.#### ##..>.#
##.#.# .#.#


You could see a necrophage and an orc priest (combustible).

Vanquished Creatures
  A phantom (D:5)
  A scorpion (D:5)
  A hound (D:6)
  A bullfrog skeleton (D:5)
  Jessica (D:3)
  2 iguanas (D:5)
  An orc wizard (D:5)
  Terence (D:3)
  A killer bee zombie (D:7)
  A hound skeleton (D:2)
  3 gnolls (D:3)
  5 adders
  An ufetubus (D:7)
  2 worms (D:2)
  2 dart slugs
  5 orcs
  5 endoplasms
  3 giant cockroaches
  6 goblins
  6 hobgoblins
  3 quokkas
  9 ball pythons
  11 bats
  4 frilled lizards
  6 kobolds
  3 rats
85 creatures vanquished.

Vanquished Creatures (collateral kills)
  2 foxfires (D:3)
2 creatures vanquished.

Vanquished Creatures (others)
  329 foxfires
  7 plants (D:3)
336 creatures vanquished.

Grand Total: 423 creatures vanquished

Notes
Turn   | Place    | Note
-------+----------+-------------------------------------------
     0 | D:1      | robertstho the Djinni Fire Elementalist began the quest for
                  | the Orb.
     0 | D:1      | Reached XP level 1. HP: 15/15 MP: 0/0
   461 | D:1      | Reached XP level 2. HP: 16/21 MP: 0/0
  1000 | D:1      | Reached skill level 3 in Spellcasting
  1003 | D:1      | Reached XP level 3. HP: 16/25 MP: 0/0
  1003 | D:1      | Learned a level 1 spell: Sting
  2061 | D:2      | Reached XP level 4. HP: 23/31 MP: 0/0
  3654 | D:3      | Found a burning altar of Makhleb.
  3658 | D:3      | Reached skill level 1 in Fighting
  3793 | D:3      | Reached XP level 5. HP: 21/37 MP: 0/0
  3793 | D:3      | Learned a level 2 spell: Slow
  4084 | D:3      | Noticed Jessica
  4089 | D:3      | Killed Jessica
  4090 | D:3      | Reached skill level 4 in Spellcasting
  4092 | D:3      | Noticed Terence
  4099 | D:3      | Killed Terence
  4718 | D:4      | Reached XP level 6. HP: 39/42 MP: 0/0
  4862 | D:4      | You are sucked into a shaft and drop 3 floors!
  4862 | D:7      | Found a hazy altar of Hepliaklqana.
  4876 | D:7      | Noticed an orc warrior
  4881 | D:7      | Noticed an orc warrior
  4889 | D:7      | Noticed an ice beast
  5218 | D:5      | Entered Level 5 of the Dungeon
  5222 | D:5      | Reached skill level 1 in Armour
  5328 | D:5      | Reached skill level 5 in Spellcasting
  5328 | D:5      | Reached XP level 7. HP: 40/49 MP: 0/0
  5328 | D:5      | Learned a level 3 spell: Ozocubu's Armour
  5610 | D:5      | Found Jicuc's Armour Shop.
  5638 | D:5      | Killed from afar by an orc priest

Illustrated notes

Levels and vault maps discovered:
D:1:      elethiomel_arrival_maze, layout_rooms, roderic_serpentine_path,
          ebering_dispersal_statue_hall, st_stairs_10
D:2:      layout_loops_corners
D:3:      wad_lake_hut, layout_loops_ring, lightli_temple_of_fire,
          minmay_cupped, uniq_jessica, uniq_terence
D:4:      layout_cave_pools, zin_scriptorium, tgw_kikubaaqudgha,
          nicolae_sif_muna_little_library, minmay_temple_entry_large_hall
D:5:      layout_loops_ring, mainiacjoe_overflow_alcove_2, serial_shops, shop,
          hangedman_decor_clover_reticule, minmay_manual_mares
D:6:      layout_basic, nemelex_spade_bored_becter, serial_shops, shop,
          chequers_serial_rivers_room_a, corner_web_ring
D:7:      layout_rooms, lemuel_mausoleum_altar_yredelemnul,
          gammafunk_temple_overflow_pools, overflow_temple_1_default,
          uniq_duvessa

Skill      XL: |  1  2  3  4  5  6 |
---------------+-------------------+-----
Spellcasting   | 3 4 5 |  5.3
Stealth        | 2 |  2.5
Fighting       | 1 2 |  2.1
Armour         | 1 |  1.2
Dodging        | |  2.6

Action                   |  1- 3 |  4- 6 |  7- 9 || total
-------------------------+-------+-------+-------++-------
Melee: Unarmed           |     1 |       |       ||     1
 Cast: Foxfire           |    95 |   116 |       ||   211
       Scorch            |       |    23 |    13 ||    36
       Flame Wave        |       |       |     1 ||     1
  Use: Scroll            |       |     3 |       ||     3
       Potion            |       |       |     1 ||     1
Armor: Robe              |     2 |     3 |       ||     5
Dodge: Dodged            |     6 |     8 |     1 ||    15
Block: Other             |       |       |     2 ||     2

Table legend: (Time is in decaauts)
 A = Elapsed time spent in this place.
 B = Non-inter-level travel time spent in this place.
 C = Inter-level travel time spent in this place.
 D = Time resting spent in this place.
 E = Time spent auto-exploring this place.
 F = Levels seen in this place.
 G = Mean time per level.
                   A        B        C        D        E       F      G
               +--------+--------+--------+--------+--------+-----+--------+
         Total |   5636 |   5584 |     52 |    284 |   4776 |   7 |  805.1 |
       Dungeon |   5636 |   5584 |     52 |    284 |   4776 |   7 |  805.1 |
               +--------+--------+--------+--------+--------+-----+--------+

Top non-repeatable levels by time:
     D:2: 1696 daAuts
     D:1: 1607 daAuts
     D:3: 1407 daAuts
     D:5: 419 daAuts
     D:6: 325 daAuts
     D:4: 148 daAuts
     D:7: 29 daAuts
